 Dungeon Crawl Stone Soup version 0.29-a0-997-gf6f7e2dfe7 (webtiles) character file.

Game seed: 7374404189823718792

9190 Newt the Cleaver (level 11, -1/84 HPs)
             Began as a Demonspawn Gladiator on Aug 4, 2022.
             Was an Initiate of Gozag.
             Slain by a boulder beetle (55 damage)
             ... on level 10 of the Dungeon.
             The game lasted 00:22:49 (9508 turns).

Newt the Cleaver (Demonspawn Gladiator)             Turns: 9508, Time: 00:22:49

Health: -1/84      AC: 11    Str: 24    XL:     11   Next: 19%
Magic:  20/20      EV: 14    Int:  9    God:    Gozag
Gold:   1487       SH:  0    Dex: 27    Spells: 10/10 levels left

rFire   . . .      SeeInvis +   Q - +1 battleaxe
rCold   . . .      Faith    .   (shield currently unavailable)
rNeg    . . .      Spirit   .   P - +0 scale mail of the Stone Wall {-Cast Dex+7 SInv}
rPois   .          Reflect  .   (helmet restricted)
rElec   .          Harm     .   (no cloak)
rCorr   .          Rampage  .   p - +2 pair of gloves "Sudycurpho" {Regen+ MP+9 Stlth-}
Will    .....      NoCast   +   (no boots)
Stlth   ++........              (no amulet)
HPRegen 1.04/turn               y - +6 ring of strength
MPRegen 0.17/turn               (no ring)

@: studying Axes
A: horns 1, thin skeletal structure 2, demonic guardian 1, ignite blood 1
a: Renounce Religion, Potion Petition, Call Merchant, Bribe Branch


You were on level 10 of the Dungeon.
You worshipped Gozag.
Gozag was most pleased with you.
You visited 3 branches of the dungeon, and saw 12 of its levels.

You collected 1550 gold pieces.
You paid 63 gold pieces to Gozag.

Inventory:

Hand Weapons
 a - a +1 trident of protection
 k - a +0 mace
 C - a +1 vorpal flail
 H - a +2 dire flail
 Q - a +1 battleaxe (weapon)
Missiles
 d - 5 throwing nets
 e - a javelin
 g - 13 boomerangs (quivered)
 h - 3 silver javelins
 n - 5 poisoned darts
 w - 3 curare-tipped darts
Armour
 b - a +0 leather armour
 c - a +0 helmet
 p - the +2 pair of gloves "Sudycurpho" (worn) {Regen+ MP+9 Stlth-}
   (You found it on level 2 of the Dungeon)

   MP:        It affects your magic capacity (+9).
   Regen:     It increases your rate of health regeneration.
   Stlth:     It makes you less stealthy.
 s - a +0 chain mail
 z - a +1 helmet of see invisible
 P - the +0 scale mail of the Stone Wall (worn) {-Cast Dex+7 SInv}
   (You found it on level 9 of the Dungeon)

   Dex:       It affects your dexterity (+7).
   SInv:      It lets you see invisible.
   -Cast:     It prevents spellcasting.
Jewellery
 m - a ring of ice
 y - a +6 ring of strength (left hand)
 A - a ring of magical power
 R - a ring of resist corrosion
Wands
 l - a wand of flame (11)
 x - a wand of roots (5)
 B - a wand of digging (11)
 E - a wand of mindburst (17)
 K - a wand of paralysis (3)
Scrolls
 f - 3 scrolls of teleportation
 G - 8 scrolls of identify
 L - a scroll of fog
 M - 2 scrolls of enchant armour
Potions
 i - 7 potions of degeneration
 j - 5 potions of curing
 o - 2 potions of attraction
 q - a potion of mutation
 r - 4 potions of brilliance
 t - 2 potions of heal wounds
 u - 4 potions of magic
 v - 2 potions of flight
 D - 2 potions of lignification
 F - 3 potions of might
 I - a potion of ambrosia
 O - a potion of haste
Miscellaneous
 N - a box of beasts


   Skills:
 * Level 7.1 Fighting
 * Level 9.0(10.5) Axes
 - Level 8.0(9.9) Maces & Flails
 - Level 3.0(6.4) Polearms
 * Level 5.1 Throwing
 + Level 7.4 Armour
 + Level 5.1 Dodging
 * Level 1.1 Evocations


You had 10 spell levels left.
You didn't know any spells.
Your spell library contained the following spells:

 Spells                   Type           Power      Damage    Failure   Level
 Summon Small Mammal      Summ           0%         N/A       65%         1
 Blink                    Tloc           0%         N/A       80%         2
 Ensorcelled Hibernation  Hex/Ice        0%         N/A       80%         2
 Call Canine Familiar     Summ           0%         N/A       95%         3
 Lesser Beckoning         Tloc           0%         N/A       95%         3
 Spider Form              Tmut/Pois      0%         N/A       95%         3
 Summon Guardian Golem    Hex/Summ       0%         N/A       95%         3
 Anguish                  Hex/Necr       0%         N/A       100%        4
 Manifold Assault         Tloc           0%         N/A       100%        5


Dungeon Overview and Level Annotations

Branches:
Dungeon (10/15)            Temple (1/1) D:4            Lair (0/5) D:9
    Orc (1/2) D:10

Altars:
Ashenzari
Cheibriados
Fedhas
Gozag
Kikubaaqudgha
Makhleb
Nemelex Xobeh
Okawaru
Qazlal
Ru
Sif Muna
Trog
Uskayaw
Vehumet
Xom

Shops:
D:2 (:[


Innate Abilities, Weirdness & Mutations

You have a pair of small horns on your head.
You have a moderately thin skeletal structure. (Dex +4, Stealth++)
A weak demonic guardian rushes to your aid.
Your demonic aura sometimes causes spilled blood to erupt in flames.


Message History

The boulder beetle is heavily wounded.
The boulder beetle is distracted by your dazzling golden aura.
You hit the boulder beetle but do no damage.
The boulder beetle is no longer distracted by gold.
You headbutt the boulder beetle, but do no damage.
The boulder beetle is heavily wounded.
The boulder beetle leaps!
The boulder beetle leaps!
You now have 1487 gold pieces (gained 16).
You start resting.
A boulder beetle is nearby!
Throw: 13 boomerangs
Press: ? - help, Q - select action, (/) - cycle Shift-Dir - straight line, f/p - boulder beetle
Aim: a boulder beetle (heavily wounded, 92% to hit)
You throw a boomerang.
The boomerang hits the boulder beetle but does no damage.
The boulder beetle is heavily wounded.
The boulder beetle curls into a ball and begins rolling!
Throw: 13 boomerangs
Press: ? - help, Q - select action, (/) - cycle Shift-Dir - straight line, f/p - boulder beetle
Aim: a boulder beetle (heavily wounded, rolling, 92% to hit)
You throw a boomerang. The boomerang hits the boulder beetle!
The boulder beetle is heavily wounded.
Unknown command.
Throw: 13 boomerangs
Press: ? - help, Q - select action, (/) - cycle Shift-Dir - straight line, f/p - boulder beetle
Aim: a boulder beetle (heavily wounded, rolling, 92% to hit)
You throw a boomerang.
The boomerang barely misses the boulder beetle.
Unknown command.
Throw: 13 boomerangs
Press: ? - help, Q - select action, (/) - cycle Shift-Dir - straight line, f/p - boulder beetle
Aim: a boulder beetle (heavily wounded, rolling, 92% to hit)
You throw a boomerang. The boomerang hits the boulder beetle.
The boulder beetle is heavily wounded.
Unknown command.
The boulder beetle hits you!!!
Ouch! That really hurt!
You die...
Your body crumbles into a pile of gold.

#.#.#.########.## #
##.#.#.##........# .
................[ #.
#.#.#.##........# # #.
#.#.#.##.........
#.##.###.#.............#
...............#.......
.####..##.##.....########
........@.°°.............
###......B######......###
#.#.....# #.........
......$$.......#......###
..####$.###..#.#..)......
##.# ###.........## $ $$$
$ #.........#. ....
#.........#. #....
#...######.##


You could see a boulder beetle (rolling).

Vanquished Creatures
  2 two-headed ogres
  A deep elf pyromancer (D:10)
  A manticore (D:10)
  The ghost of nicolae the Destroyer, a novice OpCj of Gozag (D:5)
  A troll (D:10)
  A wind drake (shapeshifter) (D:10)
  Grinder (D:3)
  Sigmund (D:4)
  A shadow (D:10)
  4 yaks
  A wyvern (D:5)
  A steam dragon (D:10)
  Edmund (D:5)
  2 water moccasins
  Duvessa (D:4)
  3 ice beasts
  4 orc warriors
  A sky beast (D:7)
  2 black bears
  An ogre (D:4)
  6 centaurs
  2 phantoms
  2 necrophages
  3 bullfrogs
  2 gnoll sergeants
  17 wights
  Dowan (D:4)
  10 killer bees
  3 howler monkeys
  A jelly (D:7)
  5 orc priests
  4 hounds
  Jessica (D:3)
  7 orc wizards
  Natasha (thrice) (D:3)
  2 iguanas
  8 gnolls
  11 adders
  2 shadow imps
  A white imp (D:6)
  An ufetubus (D:6)
  4 worms
  3 dart slugs
  37 orcs
  6 ball pythons
  13 endoplasms
  4 giant cockroaches
  8 goblins
  8 hobgoblins
  8 jackals
  14 kobolds
  4 quokkas
  6 bats
  3 frilled lizards
  3 rats
244 creatures vanquished.

Vanquished Creatures (collateral kills)
  A yak (D:8)
  A kobold (D:4)
2 creatures vanquished.

Vanquished Creatures (others)
  3 fungi (D:9)
  17 plants
20 creatures vanquished.

Grand Total: 266 creatures vanquished

Notes
Turn   | Place    | Note
-------+----------+-------------------------------------------
     0 | D:1      | Newt the Demonspawn Gladiator began the quest for the Orb.
     0 | D:1      | Reached XP level 1. HP: 16/16 MP: 1/1
   303 | D:1      | Gained mutation: You have a pair of small horns on your
                  | head. [demonic ancestry]
   303 | D:1      | Reached XP level 2. HP: 21/22 MP: 2/2
   649 | D:1      | Found a faded altar of an unknown god.
   804 | D:1      | Gained mutation: Your demonic aura sometimes causes spilled
                  | blood to erupt in flames. [demonic ancestry]
   804 | D:1      | Reached XP level 3. HP: 16/27 MP: 3/3
  1353 | D:2      | Found Gogo Qett's Armour Boutique.
  1458 | D:2      | Found Lyhuf's Book Shoppe.
  1461 | D:2      | Found Esamoum's Weapon Emporium.
  1632 | D:2      | Identified the +2 pair of gloves "Sudycurpho" {Regen+ MP+9
                  | Stlth-}
  1821 | D:2      | Reached skill level 1 in Axes
  1821 | D:2      | Gained mutation: You have a somewhat thin skeletal
                  | structure. (Dex +2, Stealth+) [demonic ancestry]
  1821 | D:2      | Reached XP level 4. HP: 34/34 MP: 4/4
  2288 | D:3      | Reached skill level 1 in Armour
  2333 | D:3      | Noticed Grinder
  2339 | D:3      | Gained mutation: A weak demonic guardian rushes to your
                  | aid. [demonic ancestry]
  2339 | D:3      | Reached XP level 5. HP: 26/39 MP: 5/5
  2448 | D:3      | Noticed Jessica
  2448 | D:3      | Noticed Natasha
  2456 | D:3      | Killed Natasha
  2462 | D:3      | Killed Jessica
  2667 | D:3      | Noticed Natasha
  2673 | D:3      | Killed Natasha
  2674 | D:3      | Reached skill level 2 in Axes
  2692 | D:3      | Reached XP level 6. HP: 47/47 MP: 6/6
  2712 | D:3      | Noticed Natasha
  2717 | D:3      | Paralysed by Grinder for 2 turns
  2723 | D:3      | Killed Natasha
  2725 | D:3      | Paralysed by Grinder for 3 turns
  2745 | D:3      | Paralysed by Grinder for 2 turns
  2753 | D:3      | Killed Grinder
  3214 | D:4      | Reached XP level 7. HP: 22/52 MP: 7/7
  3395 | D:4      | Noticed Dowan
  3396 | D:4      | Noticed Duvessa
  3404 | D:4      | Killed Duvessa
  3406 | D:4      | Killed Dowan
  3407 | D:4      | Reached skill level 3 in Axes
  3579 | D:4      | Found a staircase to the Ecumenical Temple.
  3616 | Temple   | Entered the Ecumenical Temple
  3647 | Temple   | Became a worshipper of Gozag Ym Sagoz the Greedy
  3723 | D:4      | Found a bloodstained altar of Trog.
  3947 | D:4      | Noticed Sigmund
  3954 | D:4      | Killed Sigmund
  4156 | D:5      | Entered Level 5 of the Dungeon
  4169 | D:5      | Reached XP level 8. HP: 60/60 MP: 8/8
  4450 | D:5      | Noticed Edmund
  4467 | D:5      | Killed Edmund
  4468 | D:5      | Reached skill level 5 in Armour
  4571 | D:5      | Reached skill level 4 in Axes
  4853 | D:5      | Reached skill level 5 in Fighting
  4853 | D:5      | Reached skill level 1 in Maces & Flails
  5040 | D:5      | Found a runed translucent door.
  5046 | D:5      | Noticed nicolae's ghost (novice OpCj)
  5282 | D:5      | Killed nicolae's ghost
  5296 | D:5      | Reached XP level 9. HP: 61/68 MP: 9/9
  5724 | D:6      | Identified the +0 leather armour of Resilience {Drain rN+
                  | Dex+4}
  5954 | D:6      | Reached skill level 5 in Axes
  6257 | D:7      | Reached skill level 5 in Maces & Flails
  7130 | D:8      | Noticed a two-headed ogre
  7144 | D:8      | Killed a two-headed ogre
  7145 | D:8      | Reached skill level 6 in Axes
  7145 | D:8      | Gained mutation: You have a moderately thin skeletal
                  | structure. (Dex +4, Stealth++) [demonic ancestry]
  7145 | D:8      | Reached XP level 10. HP: 76/76 MP: 10/10
  7859 | D:8      | Found a flagged portal.
  8592 | D:9      | Found a staircase to the Lair.
  8605 | D:9      | Identified the +0 scale mail of the Stone Wall {-Cast Dex+7
                  | SInv}
  8628 | D:9      | Reached skill level 5 in Dodging
  8654 | D:9      | Reached skill level 7 in Axes
  9002 | D:10     | Entered Level 10 of the Dungeon
  9041 | D:10     | Found a staircase to the Orcish Mines.
  9152 | Orc:1    | Entered Level 1 of the Orcish Mines
  9153 | Orc:1    | Noticed an orc knight
  9288 | D:10     | Noticed a deep elf pyromancer
  9293 | D:10     | Killed a deep elf pyromancer
  9406 | D:10     | Reached skill level 8 in Axes
  9453 | D:10     | Noticed a two-headed ogre
  9454 | D:10     | Found an opulent altar of Gozag.
  9454 | D:10     | Noticed a boulder beetle
  9454 | D:10     | Noticed a manticore
  9454 | D:10     | Noticed a salamander
  9463 | D:10     | Reached XP level 11. HP: 83/83 MP: 11/11
  9466 | D:10     | Killed a two-headed ogre
  9467 | D:10     | Reached skill level 1 in Evocations
  9474 | D:10     | Reached skill level 9 in Axes
  9493 | D:10     | Reached skill level 5 in Throwing
  9508 | D:10     | Slain by a boulder beetle

Illustrated notes

Levels and vault maps discovered:
D:1:      dpeg_arrival_court, layout_basic,
          shapermc_ecumenical_altar_totnotflames, serial_glass, glass_columns_b,
          glass_columns_a, glass_columns_a, glass_columns_a, minmay_pentomino_w2
D:2:      layout_basic, serial_shops, shop, shop,
          nicolae_shop_bloodbath_and_beyond
D:3:      layout_rooms, serial_forest, infiniplex_forest_lined_1,
          infiniplex_forest_fountain, infiniplex_forest_clump_long,
          infiniplex_forest_clump_small, infiniplex_forest_straight_2,
          infiniplex_forest_clump_large, infiniplex_forest_zigzag_1,
          uniq_grinder, uniq_natasha, uniq_jessica
D:4:      kennysheep_six_static_rooms, layout_cave_pools,
          mainiacjoe_overflow_alcove_4, minmay_temple_entry_junction,
          serial_bayou_lagoon_a, nicolae_kite_square_tiling_tiny,
          grunt_decor_fettered, minmay_misc_feat_roman,
          minmay_misc_feat_hallway, uniq_sigmund, uniq_duvessa
D:5:      layout_layer_cave, ebering_ghost_sewer_d, hangedman_decor_growths,
          minmay_misc_feat_enclosed, uniq_edmund
D:6:      layout_basic
D:7:      layout_basic
D:8:      layout_basic, enter_bailey_4, lemuel_flamethrower_1
D:9:      layout_loops_cross, dpeg_oklobed_lair
D:10:     layout_basic, orc_0_dummy, minmay_ruined_shrine, uniq_urug
Temple:   grunt_wide_crystal_templ
Orc:1:    layout_diamond_mine, serial_shops, nicolae_shop_crystal, uniq_erica

Skill      XL: |  1  2  3  4  5  6  7  8  9 10 11 |
---------------+----------------------------------+-----
Polearms       | 3 |  3.0
Dodging        | 3 4 5 |  5.1
Throwing       | 2 3 4 5 |  5.1
Axes           | 1 2 3 4 6 8 9 |  9.0
Armour         | 1 2 3 4 5 6 7 |  7.4
Fighting       | 3 4 5 6 7 |  7.1
Maces & Flails | 2 6 8 |  8.0
Evocations     | 1 |  1.1

Action                   |  1- 3 |  4- 6 |  7- 9 | 10-12 || total
-------------------------+-------+-------+-------+-------++-------
Melee: Trident           |    85 |   144 |   139 |       ||   368
       Headbutt          |     8 |    19 |    51 |    52 ||   130
       Punch             |       |     1 |     7 |     2 ||    10
       Flail             |       |       |   175 |   207 ||   382
       Battleaxe         |       |       |       |    39 ||    39
Throw: Boomerang         |    25 |     5 |       |    41 ||    71
       Dart              |       |     5 |     5 |     3 ||    13
Evoke: Wand              |       |       |     1 |       ||     1
  Use: Scroll            |     4 |     3 |    14 |     5 ||    26
       Potion            |       |     1 |     4 |     1 ||     6
 Stab: Distracted        |       |     1 |     2 |     3 ||     6
Armor: Leather armour    |    22 |    26 |       |       ||    48
       Chain mail        |       |    22 |   202 |   120 ||   344
       Skin              |       |    21 |     3 |       ||    24
       Scale mail        |       |       |       |    13 ||    13
Dodge: Dodged            |    41 |    55 |   167 |   183 ||   446

Table legend: (Time is in decaauts)
 A = Elapsed time spent in this place.
 B = Non-inter-level travel time spent in this place.
 C = Inter-level travel time spent in this place.
 D = Time resting spent in this place.
 E = Time spent auto-exploring this place.
 F = Levels seen in this place.
 G = Mean time per level.
                   A        B        C        D        E       F      G
               +--------+--------+--------+--------+--------+-----+--------+
         Total |   9604 |   9118 |    486 |    332 |   7032 |  12 |  800.3 |
       Dungeon |   9543 |   9065 |    478 |    332 |   7012 |  10 |  954.3 |
        Temple |     49 |     41 |      8 |      0 |     20 |   1 |   49.0 |
  Orcish Mines |     11 |     11 |      0 |      0 |      0 |   1 |   11.0 |
               +--------+--------+--------+--------+--------+-----+--------+

Top non-repeatable levels by time:
     D:1: 1364 daAuts
     D:5: 1232 daAuts
     D:8: 1038 daAuts
     D:2: 992 daAuts
     D:7: 930 daAuts
     D:4: 909 daAuts
     D:3: 892 daAuts
     D:9: 846 daAuts
     D:6: 835 daAuts
    D:10: 501 daAuts
  Temple: 49 daAuts
   Orc:1: 11 daAuts
